 Dungeon Crawl Stone Soup version 0.29-a0-422-gafbd6decc1 (webtiles) character file.

Game seed: 13371199171792944674

37 happo123 the Shield-Bearer (level 3, -9/36 HPs)
             Began as a Troll Fighter on May 18, 2022.
             Mangled by Sigmund
             ... wielding a +0 scythe
              (11 damage)
             ... on level 2 of the Dungeon.
             The game lasted 00:01:32 (789 turns).

happo123 the Shield-Bearer (Troll Fighter)           Turns: 789, Time: 00:01:33

Health: -9/36      AC:  4    Str: 26    XL:     3   Next: 21%
Magic:  2/2        EV:  8    Int:  4    God:
Gold:   124        SH:  7    Dex:  9    Spells: 2/2 levels left

rFire   . . .      SeeInvis .     - Unarmed
rCold   . . .      Faith    .   b - +0 kite shield
rNeg    . . .      Spirit   .   a - +0 robe
rPois   .          Reflect  .   (helmet restricted)
rElec   .          Harm     .   (no cloak)
rCorr   .          Rampage  .   (gloves unavailable)
Will    .....                   (boots unavailable)
Stlth   +.........              (no amulet)
HPRegen 0.92/turn               (no ring)
MPRegen 0.08/turn               (no ring)

@: no status effects
A: large, unfitting armour, claws 3, regeneration 1, shaggy fur 1, tough skin 1
a: no special abilities


You were on level 2 of the Dungeon.
You visited 1 branch of the dungeon, and saw 2 of its levels.

You collected 124 gold pieces.

Inventory:

Armour
 a - a +0 robe (worn)
 b - a +0 kite shield (worn)
Scrolls
 d - a scroll of teleportation {unknown}
 f - 2 scrolls of identify {unknown}
 h - a scroll of brand weapon {unknown}
 i - a scroll of vulnerability {unknown}
Potions
 c - a potion of might
 e - 2 potions of curing {unknown}
 g - 2 potions of mutation {unknown}


   Skills:
 + Level 2.8 Fighting
 + Level 2.7 Dodging
 + Level 3.1 Shields
 + Level 2.2 Unarmed Combat


You had 2 spell levels left.
You didn't know any spells.
Your spell library was empty.

Dungeon Overview and Level Annotations

Branches:
Dungeon (2/15)

Altars:

Annotations:
D:2 Sigmund


Innate Abilities, Weirdness & Mutations

You are too large for most types of armour.
You have claws for hands.
Your natural rate of healing is unusually fast.
You are covered in fur. (AC +1)
You have tough skin. (AC +1)


Message History

The goblin misses you.
You claw the goblin!
You kill the goblin!
Robin hits you but does no damage. You block the goblin's attack.
Sigmund mumbles some strange words.
Sigmund flickers and vanishes!
Deactivating autopickup; reactivate with Ctrl-A.
Robin hits you with a +0 trident.
Items here: ))))) †††††.
You claw Robin!
Robin is heavily wounded.
Something hits you but does no damage. You block the goblin's attack.
Robin hits you with a +0 trident.
You closely miss Robin.
Robin is heavily wounded.
The goblin hits you but does no damage. x2
Robin roars a battlecry!
The goblin goes into a battle-frenzy!
You block something's attack.
You barely miss Robin.
Robin is heavily wounded.
You block the goblin's attack. Robin closely misses you.
The goblin closely misses you.
You claw Robin!
You kill Robin!
A magic dart appears from out of thin air!
The magic dart hits you! You block the goblin's attack.
The goblin hits you with a +0 club.
You hear a zap.
A puff of flame appears from out of thin air!
The puff of flame hits you!
* * * LOW HITPOINT WARNING * * *
The goblin closely misses you. The goblin hits you but does no damage.
You have reached level 3!
Your experience leads to an increase in your attributes!
Increase (S)trength, (I)ntelligence, or (D)exterity?
You feel stronger. x3
The goblin attacks as you move away! The goblin hits you but does no damage.
Found a tiny soapstone amulet.
Something hits you!
You die...

###########
#gg@{......
#.##.......
#.# .######
#.# .# #.#
.# ).. ..
... .. ..#
"#


You could see 2 goblins.

Vanquished Creatures
  Robin (D:2)
  An ufetubus (D:2)
  A dart slug (D:1)
  5 ball pythons (D:1)
  5 goblins (D:2)
  2 jackals (D:1)
  A quokka (D:1)
  A bat (D:1)
  A frilled lizard (D:1)
  2 rats (D:1)
20 creatures vanquished.

Notes
Turn   | Place    | Note
-------+----------+-------------------------------------------
     0 | D:1      | happo123 the Troll Fighter began the quest for the Orb.
     0 | D:1      | Reached XP level 1. HP: 22/22 MP: 0/0
    62 | D:1      | Found a faded altar of an unknown god.
   185 | D:1      | Reached XP level 2. HP: 29/29 MP: 1/1
   209 | D:1      | Reached skill level 3 in Shields
   771 | D:2      | Noticed Robin
   781 | D:2      | Noticed Sigmund
   788 | D:2      | Killed Robin
   788 | D:2      | HP: 1/29 [something/puff of flame (10)]
   789 | D:2      | Reached XP level 3. HP: 1/36 MP: 2/2
   789 | D:2      | Mangled by Sigmund

Illustrated notes

Levels and vault maps discovered:
D:1:      nzn_arrival_water_spiral, layout_basic,
          chequers_ecumenical_altar_simple_redux, minmay_misc_feat_columns
D:2:      cheibrodos_fertilizer, layout_loops_ring, serial_shops,
          nicolae_shop_hallway_plus, uniq_jessica, uniq_robin, uniq_sigmund

Skill      XL: |  1  2 |
---------------+-------+-----
Shields        | 3 |  3.1
Fighting       | |  2.8
Dodging        | |  2.7
Unarmed Combat | |  2.2

Action                   || total
-------------------------++-------
Melee: Unarmed           ||    42
 Stab: Sleeping          ||     1
Armor: Robe              ||    19
Dodge: Dodged            ||    19
Block: Kite shield       ||    16

Table legend: (Time is in decaauts)
 A = Elapsed time spent in this place.
 B = Non-inter-level travel time spent in this place.
 C = Inter-level travel time spent in this place.
 D = Time resting spent in this place.
 E = Time spent auto-exploring this place.
 F = Levels seen in this place.
 G = Mean time per level.
                   A        B        C        D        E       F      G
               +--------+--------+--------+--------+--------+-----+--------+
         Total |    798 |    690 |    108 |      0 |    571 |   2 |  399.0 |
       Dungeon |    798 |    690 |    108 |      0 |    571 |   2 |  399.0 |
               +--------+--------+--------+--------+--------+-----+--------+

Top non-repeatable levels by time:
     D:1: 777 daAuts
     D:2: 20 daAuts
